[Event "Early-Titled-Tuesday-Blitz-October-24-2023"]
[Site "Chess.com"]
[Date "2023.10.24"]
[Round "1"]
[White "zeebraa"]
[Black "draksbg"]
[Result "0-1"]
[WhiteElo "2272"]
[BlackElo "2602"]
[TimeControl "180+1"]
[EndTime "8:08:24 PDT"]
[Termination "draksbg won on time"]

1. d4 Nf6 2. Nf3 g6 3. Nc3 d5 4. Bf4 Bg7 5. e3 O-O 6. Be2 b6 7. Ne5 Bb7 8. h4 h6 9. g4 Nfd7 10. Nd3 Re8 11. Bf3 c6 12. Qd2 e5 13. dxe5 Nxe5 14. Nxe5 Bxe5 15. Bxe5 Rxe5 16. O-O-O Nd7 17. h5 g5 18. Be2 Qe7 19. Bd3 Nc5 20. Rhe1 Re8 21. Bf5 a5 22. Ne2 a4 23. a3 Qf6 24.
Nd4 Ne4 25. Qe2 c5 26. Nb5 Ba6 27. f4 R5e7 28. Rxd5 Ng3 29. Qf2 gxf4 30. Qxf4 Bxb5 31. Qxg3 Bc4 32. Rd6 Qg5 33. Kb1 Rxe3 34. Rxe3 Rxe3 35. Qf2 Re2 36. Qg1 Qf4 37. Rd1 Kg7 38. Qf1 Qe3 39.
Qh1 b5 40. g5 hxg5 41. h6+ Kf6 42. Qc6+ Kxf5 43. Qd7+ Kf4 44. Rf1+ Rf2 45. Qd6+ Kf3 46.
Qf6+ Kg2 47. Qxf2+ Qxf2 48. Rxf2+ Kxf2 49. h7 f5 50. h8=Q f4 51. Qe5 f3 52. Qxg5 Ke2 53. Qxc5 f2 54.
Qe5+ Kd1 55. Qd4+ Ke2 56. Qe4+ Kd2 57. Qf4+ Ke1 58. Qe4+ Be2 59. Qh4 Bf3 60. b3 Ke2 61.
Qh2 Ke3 62. Qe5+ Be4 63. Qg5+ Ke2 64. Qg4+ Bf3 65. Qe6+ Kd2 66. Qd6+ Ke1 67. Qe5+ Be2 68. Qg3 axb3 69. cxb3 b4 0-1

[Event "Early-Titled-Tuesday-Blitz-October-24-2023"]
[Site "Chess.com"]
[Date "2023.10.24"]
[Round "1"]
[White "randomo"]
[Black "sergeikim"]
[Result "1/2-1/2"]
[WhiteElo "2284"]
[BlackElo "2589"]
[TimeControl "180+1"]
[EndTime "8:08:27 PDT"]
[Termination "Game drawn - insufficient material"]

1. e4 e5 2. Nf3 Nc6 3. Bb5 a6 4. Ba4 Nf6 5. d4 exd4 6. O-O Be7 7. e5 Ne4 8. Nxd4 Nxd4 9. Qxd4 Nc5 10. Nc3 Nxa4 11.
Qxa4 O-O 12. Bf4 d5 13. exd6 cxd6 14. Rad1 Bf5 15. Nd5 Bg5 16. Bxg5 Qxg5 17. Ne3 Be6 18. Rxd6 Rac8 19. f4 Qc5 20. Qd4 Qxd4 21. Rxd4 g6 22.
g4 Rc5 23. f5 gxf5 24. gxf5 Bc8 25. c4 Re8 26. Rf3 h6 27. Kf2 Kg7 28. Nd5 Re5 29. b4 Rc6 30. Ne3 Re8 31. c5 a5 32.
a3 axb4 33. axb4 Ra6 34. Nc4 Ra2+ 35. Kg3 Ree2 36. Nd6 Bd7 37. Kf4 Bc6 38. Rg3+ Kf6 39. b5 Rf2+ 40. Ke3 Rfe2+ 41. Kd3 Red2+ 42. Kc3 Rdc2+ 43. Kb3 Rcb2+ 44. Kc3 Rc2+ 45. Kb4 Rcb2+ 46. Kc4 Bg2 47. c6 bxc6 48. bxc6 Bxc6 49. Kc5 Rc2+ 50. Rc4 Rxc4+ 51. Kxc4 Bd7 52. Rd3 Ke5 53. Nxf7+ Kxf5 54. Nxh6+ Kg6 55. Ng8 Be6+ 56. Kd4 Bxg8 57. Rg3+ Kh7 58. h4 Ra4+ 59. Ke5 Rxh4 60. Kf6 Rh6+ 61. Ke7 Rh4 62. Kf6 Bd5 63. Rg7+ Kh8 64. Rg5 Be4 65. Re5 Kh7 66. Kg5 Rh1 67. Rxe4 Rg1+ 68. Kf5 Kg7 69.
Rg4+ Rxg4 70. Kxg4 1/2-1/2

[Event "Early-Titled-Tuesday-Blitz-October-24-2023"]
[Site "Chess.com"]
[Date "2023.10.24"]
[Round "1"]
[White "Witik"]
[Black "whiteglovethief"]
[Result "1-0"]
[WhiteElo "2810"]
[BlackElo "2443"]
[TimeControl "180+1"]
[EndTime "8:08:28 PDT"]
[Termination "Witik won by checkmate"]

1. e4 e6 2. d3 d5 3. Qe2 Nc6 4.
Nf3 dxe4 5. dxe4 e5 6. c3 Bc5 7. b4 Bb6 8. Qc2 Nf6 9. Bb5 O-O 10. O-O a5 11. Bxc6 bxc6 12. Nxe5 axb4 13. Nxc6 Qe8 14. Nxb4 Qxe4 15. Qxe4 Nxe4 16. Nd5 Bxf2+ 17. Rxf2 Nxf2 18. Kxf2 Be6 19. Nxc7 Rxa2+ 20. Rxa2 Bxa2 21. Na3 Rc8 22. Nab5 Bc4 23. Be3 Bxb5 24. Nxb5 f5 25. Bd4 Rb8 26. Nd6 g6 27. Kf3 Kf8 28. h4 Ke7 29. Nc4 Ke6 30.
g3 Rb1 31. Ne3 Rc1 32. Kf4 h6 33. Bg7 Kf7 34. Bd4 Rg1 35. Nc4 Rf1+ 36. Ke3 Ke6 37. Nd2 Rc1 38. Nf3 Rc2 39. Bg7 Kf7 40. Bd4 Rg2 41.
Be5 Ke6 42. c4 g5 43. hxg5 hxg5 44. Bc7 Kd7 45. Be5 Ke6 46. Bb8 Rb2 47. Nd4+ Kf6 48. Bd6 Rb1 49. c5 f4+ 50. gxf4 g4 51. f5 Rc1 52. c6 Rxc6 53. Nxc6 Kxf5 54. Bg3 Ke6 55.
Kf4 Kd5 56. Nb4+ Kc4 57. Nc2 Kd3 58. Ne3 Kd4 59. Nxg4 Kd3 60. Ne5+ Kd2 61. Ke4 Ke2 62. Bf4 Kf2 63. Be3+ Kg2 64. Kf4 Kf1 65. Kf3 Ke1 66. Ng4 Kf1 67. Bd2 Kg1 68. Nf2 Kf1 69. Bc3 Kg1 70. Be5 Kf1 71. Bh2 Ke1 72. Ne4 Kf1 73.
Nd2+ Ke1 74. Ke3 Kd1 75. Kd3 Ke1 76. Bg3+ Kd1 77. Nc4 Kc1 78. Bh4 Kd1 79. Nb2+ Kc1 80. Kc3 Kb1 81. Kb3 Kc1 82. Bg5+ Kb1 83. Nc4 Ka1 84. Bf4 Kb1 85. Na3+ Ka1 86. Be5# 1-0

[Event "Early-Titled-Tuesday-Blitz-October-24-2023"]
[Site "Chess.com"]
[Date "2023.10.24"]
[Round "1"]
[White "Cheer_Down"]
[Black "c63_amg"]
[Result "0-1"]
[WhiteElo "2442"]
[BlackElo "2810"]
[TimeControl "180+1"]
[EndTime "8:08:31 PDT"]
[Termination "c63_amg won by resignation"]

1. e4 c5 2. Nf3 d6 3. Bb5+ Nd7 4. d4 cxd4 5. Nxd4 Nf6 6. O-O a6 7. Ba4 g6 8. Re1 Bg7 9. c4 O-O 10. Nc3 Nb6 11. Bb3 Bd7 12. Nd5 Rc8 13. Qd3 Ng4 14. Nf3 Re8 15. h3 Nxd5 16. exd5 Bf5 17. Qe2 Nf6 18. Nd4 Bd7 19. Be3 Ne4 20. Rad1 Nc5 21. Bg5 Qb6 22. Be3 Nxb3 23. axb3 Qb4 24. Bd2 Qc5 25. Be3 Qb4 26. Bd2 Qb6 27. Be3 Qc7 28.
Qd2 b5 29. Rc1 Qb7 30. Bh6 Bh8 31. Bg5 Qb6 32. Be3 Qb7 33. Bg5 bxc4 34. bxc4 Qb6 35.
Be3 Qc7 36. b3 Rb8 37. Bg5 e6 38. dxe6 fxe6 39. Re3 Qc5 40. Nf3 Bc6 41. Rce1 Bxf3 42. Rxf3 Be5 43. Bf4 Bxf4 44. Qxf4 Rf8 45. Qe4 Rxf3 46.
Qxf3 Rf8 47. Qe3 Qxe3 48. Rxe3 Kf7 49. f4 Ke7 50. g3 Rb8 51. Kg2 Kd7 52. h4 h5 53. Kf3 a5 54. g4 Rb4 55. f5 exf5 56. gxh5 gxh5 57. Kf4 a4 58. bxa4 Rxc4+ 59. Kxf5 Rxh4 60.
Kg5 Rxa4 61. Kxh5 Rf4 62. Kg5 Rf1 63. Kg4 d5 64. Rf3 Re1 65. Kf4 Kd6 66. Re3 Rf1+ 67.
Rf3 Rxf3+ 68. Kxf3 Kc5 69. Ke3 Kc4 70. Ke2 Kc3 71. Ke1 Kd3 72. Kd1 d4 73. Ke1 Kc2 74. Ke2 d3+ 0-1

[Event "Early-Titled-Tuesday-Blitz-October-24-2023"]
[Site "Chess.com"]
[Date "2023.10.24"]
[Round "1"]
[White "Makswolf200817"]
[Black "Hongjin"]
[Result "1-0"]
[WhiteElo "2653"]
[BlackElo "2329"]
[TimeControl "180+1"]
[EndTime "8:08:33 PDT"]
[Termination "Makswolf200817 won by resignation"]

1. d4 e6 2. c4 d5 3. Nf3 Nf6 4. g3 Bb4+ 5. Bd2 Bd6 6. Bg2 O-O 7. O-O Nc6 8. Qc2 dxc4 9. Qxc4 e5 10. d5 Ne7 11. e4 Bd7 12. Nc3 a6 13. a4 Nc8 14.
Rfc1 Nb6 15. Qe2 Qe7 16. a5 Nc8 17. h3 Na7 18. Na4 Nb5 19. Qe3 Rfe8 20. Bf1 Nd4 21. Bg2 Nxf3+ 22. Qxf3 Bb5 23. Qe3 Nd7 24. b3 c6 25. Nb2 Bc5 26. Qe1 Bd4 27. Bc3 Nc5 28.
Bxd4 exd4 29. Qb4 Nxe4 30. Qxd4 cxd5 31. Re1 Qd7 32. Nd3 Rad8 33. Nf4 Qd6 34. Rad1 Nf6 35.
Rxe8+ Rxe8 36. Nxd5 Nxd5 37. Bxd5 Qe7 38. Qb6 h6 39. Qxb7 Qf6 40. Qb6 Qf5 41. Kg2 Qc2 42. Qd4 Re7 43. Rd2 Qc1 44. Bf3 Rd7 45. Bd5 Bc6 46. Qc4 Bxd5+ 47. Rxd5 Qxc4 48. bxc4 Rc7 49. c5 Kf8 50. Kf3 Ke7 51. Ke4 Ke6 52. Rd6+ Ke7 53. Kd5 Ra7 54. Kc6 Ra8 55. Kb7 Rf8 56.
Rxa6 f5 57. c6 Kd6 58. c7+ Kd7 59. Rb6 Rc8 60. a6 Rxc7+ 61. Kb8 Rc1 62. a7 Rc8+ 63. Kb7 Rc7+ 64. Ka6 Rc1 65. a8=Q 1-0

[Event "Early-Titled-Tuesday-Blitz-October-24-2023"]
[Site "Chess.com"]
[Date "2023.10.24"]
[Round "1"]
[White "Oleksandr_Bortnyk"]
[Black "ketster"]
[Result "1-0"]
[WhiteElo "3037"]
[BlackElo "2516"]
[TimeControl "180+1"]
[EndTime "8:08:40 PDT"]
[Termination "Oleksandr_Bortnyk won on time"]

1. d4 d5 2. Nc3 Nf6 3. Bf4 e6 4. Nb5 Na6 5. e3 Be7 6. h4 c6 7. Nc3 Qa5 8. a3 Ne4 9. Ne2 b5 10. b4 Nxc3 11. Nxc3 Qb6 12. h5 h6 13. Qg4 Kf8 14.
Qg3 Nb8 15. Bd3 a5 16. Bc7 Qb7 17. Bxa5 c5 18. dxc5 Bf6 19. Kd2 Rxa5 20. bxa5 b4 21. axb4 Qxb4 22. Ke2 Nd7 23. Qc7 Qxc5 24. Qxc5+ Nxc5 25. Ra3 Nxd3 26. cxd3 Ba6 27. Rb1 Ke7 28. Rb6 Ra8 29.
Kd2 d4 30. Ne4 dxe3+ 31. fxe3 Be5 32. Nc5 Bc8 33. a6 Bc7 34. Rc6 Bd6 35. a7 Bd7 36.
Rxd6 Kxd6 37. Nxd7 Kxd7 38. d4 Kc7 39. e4 Kb7 40.
Kd3 Rxa7 41. Rc3 Ra2 42. g3 Rg2 43. Kc4 Rh2 44. Rf3 f6 45. Kc5 Kc7 46. e5 Rxh5 47.
g4 Rg5 48. Rf4 fxe5 49. Rf7+ Kd8 50. Kd6 Ke8 51. Re7+ Kf8 52. dxe5 Rxg4 53. Ra7 Rd4+ 54. Kxe6 Kg8 55. Ra8+ Kh7 56. Kf5 Rd5 57. Ke4 Rd1 58.
e6 Re1+ 59. Kd5 h5 60. Kd6 Kg6 61. e7 Kf7 62. Rf8+ Kg6 63. e8=Q+ Rxe8 64. Rxe8 h4 65. Ke5 Kg5 66. Ke4 Kg4 67. Ke3 g5 68. Kf2 Kh3 69. Kg1 g4 70. Re3+ g3 71. Re4 g2 72. Re3+ Kg4 73.
Kxg2 1-0

[Event "Early-Titled-Tuesday-Blitz-October-24-2023"]
[Site "Chess.com"]
[Date "2023.10.24"]
[Round "1"]
[White "AlexPapasimakopoulos"]
[Black "Nick12772"]
[Result "1/2-1/2"]
[WhiteElo "2672"]
[BlackElo "2368"]
[TimeControl "180+1"]
[EndTime "8:08:48 PDT"]
[Termination "Game drawn by repetition"]

1. d4 Nf6 2. c4 g6 3. Nc3 d5 4. Nf3 Bg7 5. Qb3 dxc4 6. Qxc4 O-O 7. e4 a6 8. Be2 b5 9. Qb3 c5 10. dxc5 Bb7 11. e5 Nfd7 12. Be3 Nxe5 13. Nxe5 Bxe5 14.
O-O Qc7 15. f4 Bg7 16. Nd5 Bxd5 17. Qxd5 Nc6 18. Bf3 Rac8 19. Rf2 Rfd8 20. Qxc6 Qxc6 21. Bxc6 Rxc6 22. Re2 Bd4 23. Rc1 Bxe3+ 24. Rxe3 e6 25. Rc2 Rd5 26. Rec3 a5 27. g3 h5 28. a3 a4 29. Kf2 e5 30. fxe5 Rxe5 31. Rc1 Kg7 32. R1c2 Kh6 33. Kf3 Rf6+ 34. Kg2 Rc6 35. h3 Kg7 36.
Kf3 Rf6+ 37. Kg2 Rc6 38. g4 hxg4 39. hxg4 Kh6 40. Kg3 Kg5 41. Kh3 Re4 42. Rg3 Rc4 43. Rxc4 bxc4 44. Rf3 f5 45. gxf5 gxf5 46. Rg3+ Kf4 47.
Rg8 Rxc5 48. Ra8 Ke3 49. Rxa4 f4 50. Ra8 f3 51. Re8+ Kd2 52. Rd8+ Kc2 53. Rb8 Rf5 54.
Kg4 f2 55. Kxf5 f1=Q+ 56. Ke4 Qe1+ 57. Kd5 Qd2+ 58. Kxc4 Qd3+ 59. Kc5 Qg3 60. Rb5 Qe5+ 61. Kb6 Qd6+ 62. Kb7 Qd7+ 63. Kb6 Qd8+ 64. Kc6 Qc8+ 65.
Kb6 Kb1 66. a4 Qb8+ 67. Kc5 Qc7+ 68. Kb4 Qf4+ 69. Ka5 Qd2+ 70. Ka6 Qc2 71. b3 Qc6+ 72. Ka7 Qc7+ 73. Ka6 Qc6+ 74. Rb6 Qa8+ 75. Kb5 Qd5+ 76. Kb4 Qd4+ 77. Ka5 Qc5+ 78. Ka6 Qc8+ 79. Rb7 Qc6+ 80. Ka7 Qc5+ 81. Rb6 Qc7+ 82. Ka6 Qc8+ 83. Ka5 Qc5+ 84. Rb5 Qc7+ 85. Ka6 Qc6+ 1/2-1/2

[Event "Early-Titled-Tuesday-Blitz-October-24-2023"]
[Site "Chess.com"]
[Date "2023.10.24"]
[Round "1"]
[White "temiksmozg"]
[Black "NowInChess"]
[Result "1-0"]
[WhiteElo "2581"]
[BlackElo "2247"]
[TimeControl "180+1"]
[EndTime "8:08:50 PDT"]
[Termination "temiksmozg won by resignation"]

1. d4 Nf6 2. c4 c5 3. d5 b5 4. cxb5 a6 5. Nc3 g6 6. e4 d6 7. bxa6 Bg7 8. Nf3 O-O 9. Qc2 Qa5 10. Bd2 Bxa6 11. Bxa6 Qxa6 12. Bg5 h6 13. Bf4 Nbd7 14. Qe2 Qxe2+ 15. Kxe2 Ng4 16. h3 Nge5 17. Nxe5 Nxe5 18. Bxe5 Bxe5 19. Kd3 Rfb8 20. Kc2 Rb4 21. f3 Rab8 22. Rab1 Ra8 23. a3 Rb7 24. Rhd1 h5 25. Rd2 h4 26. Nd1 Rab8 27. Rd3 Kg7 28. Nc3 Rb3 29. Na4 R3b5 30. Rdd1 Rb3 31. Nc3 R3b6 32. Rf1 g5 33. Rfe1 Rb3 34.
Nd1 R3b6 35. Re3 Bf4 36. Rd3 Be5 37. Re3 Bf4 38. Rc3 Be5 39. Rc4 Kf6 40. b3 e6 41.
dxe6 fxe6 42. Ne3 Bd4 43. Ng4+ Kf7 44. b4 cxb4 45. Rxd4 bxa3 46. Rxb6 Rxb6 47. Ra4 Rb2+ 48.
Kd3 Rxg2 49. Rxa3 Rg3 50. Ra7+ Kg6 51. Ke3 Rxh3 52. Re7 Rg3 53. Rxe6+ Kf7 54. Rxd6 h3 55. Rh6 Rg1 56. Rxh3 Re1+ 57. Kf2 Rb1 58. Rh6 Rb2+ 59. Kg3 Kg7 60. Rd6 Rb1 61. e5 Rg1+ 62. Kf2 Rc1 63. e6 Rc2+ 64. Ke3 Rc8 65. Ke4 Re8 66. Kf5 Rf8+ 67. Ke4 Rf4+ 68. Ke3 Rf8 69. Rd5 Kg6 70. Re5 Re8 71. e7 Kf7 72. Ke4 Rxe7 73. Rxe7+ Kxe7 74.
Kf5 Kf7 75. Kxg5 Kg7 76. f4 Kf7 77. f5 Kg7 78. f6+ Kf7 79. Kf5 Kf8 80. Kg6 Kg8 81. f7+ Kf8 82. Nf2 Ke7 83. Kg7 Ke6 84. f8=Q Ke5 85.
Qf3 Kd4 86. Kf6 1-0

[Event "Early-Titled-Tuesday-Blitz-October-24-2023"]
[Site "Chess.com"]
[Date "2023.10.24"]
[Round "1"]
[White "crazy_m_attack"]
[Black "Zohid6"]
[Result "0-1"]
[WhiteElo "2452"]
[BlackElo "2823"]
[TimeControl "180+1"]
[EndTime "8:08:51 PDT"]
[Termination "Zohid6 won on time"]

1. e4 e6 2. d4 d5 3. Nc3 Nf6 4. e5 Nfd7 5. Nce2 c5 6. c3 Nc6 7. Nf3 Be7 8. a3 Qa5 9. Ra2 O-O 10. Bd2 Qb6 11. b4 cxd4 12. cxd4 a5 13. b5 Qxb5 14. Nc3 Qb6 15. Nb5 Na7 16. Qb1 Nxb5 17. Bxb5 Nb8 18. a4 Bd7 19. Rb2 Bxb5 20. Rxb5 Qc6 21. Rxb7 Bb4 22. Rb5 Bxd2+ 23. Nxd2 Qc3 24. Qb2 Qxb2 25.
Rxb2 Nc6 26. Nb3 Rfb8 27. O-O Nxd4 28. Rfb1 Nxb3 29. Rxb3 Rxb3 30. Rxb3 g5 31. Kf1 Kg7 32. Ke2 Kg6 33. g4 Rc8 34. Rb5 Rc4 35. Rxa5 Rxg4 36.
Ra8 Re4+ 37. Kd3 Rxe5 38. Rg8+ Kf6 39. a5 Re1 40. a6 Ra1 41. Ra8 h5 42. a7 e5 43. Ke3 Kf5 44. Kd3 f6 45. Ke3 d4+ 46. Ke2 Ra3 47. f3 h4 48. Kd2 h3 49. Ke2 Ra2+ 50.
Kd3 g4 51. fxg4+ Kf4 52. Rf8 Rxa7 53. Rxf6+ Kxg4 54. Ke4 Ra2 55. Rg6+ Kh5 56. Rg8 Re2+ 57. Kf5 Kh6 58. Rh8+ Kg7 59. Rxh3 Re3 60. Rh4 d3 61. Rg4+ Kf7 62. Ra4 d2 63. Ra7+ Kf8 64. Rd7 Re2 65.
h4 e4 66. Kf4 e3 67. h5 Re1 68.
h6 d1=Q 69. h7 Rf1+ 0-1

[Event "Early-Titled-Tuesday-Blitz-October-24-2023"]
[Site "Chess.com"]
[Date "2023.10.24"]
[Round "1"]
[White "semchik73"]
[Black "mind1mover"]
[Result "0-1"]
[WhiteElo "2449"]
[BlackElo "2815"]
[TimeControl "180+1"]
[EndTime "8:08:51 PDT"]
[Termination "mind1mover won by resignation"]

1. Nf3 Nc6 2. d4 Nf6 3. d5 Nb8 4. c4 e6 5. Nc3 Bb4 6. e3 Bxc3+ 7. bxc3 d6 8. Bd3 O-O 9. O-O Na6 10. Ba3 b6 11. e4 e5 12. Nd2 Nc5 13. Bxc5 dxc5 14. f4 Nd7 15. f5 Qg5 16. Nf3 Qg4 17. f6 Nxf6 18. Nxe5 Qxd1 19. Raxd1 Re8 20. Nc6 Ng4 21.
Rde1 Bd7 22. h3 Bxc6 23. hxg4 Bd7 24. g5 Re5 25. Rf4 Rae8 26. Ref1 R8e7 27. Rh4 Rxg5 28. Kf2 h6 29. Rf4 Be8 30. g3 Rh5 31. Kg2 f6 32. Be2 Rhe5 33. Bd3 Bg6 34. Kf3 Bh7 35. a4 a5 36. Rh1 Kf7 37. Ke3 Bg6 38. Kf3 Kg8 39. Rg1 Be8 40. Rh1 Bxa4 41. Rg1 Bd7 42. g4 g5 43.
Rxf6 Kg7 44. Rf5 Bxf5 45. gxf5 Re8 46. Rh1 a4 47. Ra1 Ra8 48. Kg4 a3 49. Ra2 Kf6 50. Kh5 Ree8 51. Kg4 h5+ 52. Kxh5 Rh8+ 53. Kg4 Rh4+ 54.
Kg3 Rah8 55. Bf1 Ra8 56. Bg2 Ke5 57. Bf3 Rf4 58. Bg2 Ra4 59. Bf3 Rh4 60. Bg2 Rh8 61. Bf3 Rha8 62. Be2 Kxe4 63. f6 Ke5 64. f7 Kf6 65.
Bh5 Kg7 66. Kg4 Rxc4+ 67. Kxg5 Rxc3 68. Kf5 Rg3 69. Ke6 Rg5 70. Bf3 Kf8 71. Kf6 Rg7 72. Bh5 Rh7 73. Bg6 Rg7 74. Re2 Rxg6+ 75. Kxg6 a2 76. Rh2 a1=Q 0-1

[Event "Early-Titled-Tuesday-Blitz-October-24-2023"]
[Site "Chess.com"]
[Date "2023.10.24"]
[Round "1"]
[White "knightinshiningarmour16"]
[Black "ama18"]
[Result "1-0"]
[WhiteElo "2149"]
[BlackElo "2521"]
[TimeControl "180+1"]
[EndTime "8:08:52 PDT"]
[Termination "knightinshiningarmour16 won by resignation"]

1. d4 Nf6 2. Nf3 e6 3. c4 d5 4. Nc3 Bb4 5. cxd5 exd5 6. Bg5 h6 7. Bxf6 Qxf6 8. e3 O-O 9. Bd3 c6 10. O-O Bg4 11. Be2 Nd7 12. Qb3 Qe7 13. a3 Bxc3 14. Qxc3 Nf6 15. Qc2 Ne4 16. Ne5 Bxe2 17. Qxe2 f6 18.
Ng6 Qf7 19. Nxf8 Rxf8 20. Qc2 f5 21. Rad1 Re8 22. Qb3 Kh8 23. Qc2 Re6 24. b4 Rg6 25. f4 a6 26. a4 Nd6 27. Rd3 Re6 28.
Rf3 Nc4 29. Rb3 b5 30. axb5 axb5 31. Rg3 Re4 32. Kf2 Qh5 33. Rb1 Qh4 34. Re1 Qe7 35. Qd3 Qxb4 36. Re2 Qd6 37. Ra2 Qb4 38. Ra7 Qb2+ 39.
Qe2 Qxe2+ 40. Kxe2 g5 41. fxg5 hxg5 42. Rxg5 Rxe3+ 43.
Kf2 Re4 44. Rgg7 Rf4+ 45. Ke2 Re4+ 46. Kf2 Rf4+ 47. Kg1 Rh4 48. Rgc7 Rg4 49. Rxc6 b4 50.
Rc8+ Rg8 51. Rxg8+ Kxg8 52. Rb7 Ne3 53. Rxb4 Kf7 54. Rb7+ Ke6 55. h3 Nc2 56. Rb6+ Ke7 57. Rb7+ Ke6 58. Rb6+ Ke7 59. Kf2 Nxd4 60. h4 Ne6 61. h5 Ng5 62. Rb5 Kd6 63. Rb8 Kc7 64. Rg8 Ne4+ 65. Ke3 Nf6 66. Rg5 Kd6 67. Rg6 Ke5 68.
h6 Ng4+ 69. Rxg4 fxg4 70. h7 1-0

[Event "Early-Titled-Tuesday-Blitz-October-24-2023"]
[Site "Chess.com"]
[Date "2023.10.24"]
[Round "1"]
[White "rajesh1464"]
[Black "Karttunen"]
[Result "1/2-1/2"]
[WhiteElo "2328"]
[BlackElo "2619"]
[TimeControl "180+1"]
[EndTime "8:08:59 PDT"]
[Termination "Game drawn - insufficient material"]

1. d4 Nf6 2. Nc3 d5 3. Bf4 e6 4. Nb5 Na6 5. e3 c6 6. Nc3 Bb4 7. Bd3 Bxc3+ 8. bxc3 Qa5 9. Ne2 O-O 10. O-O Re8 11. h4 c5 12. c4 Nb4 13. Ng3 Nxd3 14. cxd3 Bd7 15. Be5 Qd8 16. dxc5 dxc4 17. dxc4 Bc6 18.
Qc2 Nd7 19. Qc3 Nxe5 20. Qxe5 Qxh4 21. Rfd1 f6 22. Qd4 Qh6 23. Qg4 Qg6 24. Qxg6 hxg6 25. Rd6 e5 26. Ne2 Red8 27. Rad1 Rxd6 28. cxd6 Kf7 29.
f4 Ke6 30. fxe5 fxe5 31. c5 b6 32. cxb6 axb6 33. Rd2 Rd8 34. Nc3 Rxd6 35. Rb2 Rd3 36. Ne2 b5 37. Kf2 Ra3 38. Nc1 Rc3 39. Nb3 Be4 40. Nd2 Rc2 41. Rxc2 Bxc2 42. a3 Kd5 43. Ke2 Kc5 44. g3 Kd5 45. Nf3 Be4 46. Ng5 Bf5 47. Kd2 Kc4 48. Nf7 Kb3 49. Nd6 Bd7 50. Ne4 Kxa3 51. Nc5 Bf5 52. e4 Bc8 53. Nd3 Bb7 54. Ke3 b4 55. Nxe5 b3 56. Nc4+ Ka2 57. e5 Bd5 58. Nd2 b2 59. Kd4 Be6 60. Kc5 b1=Q 61. Nxb1 Kxb1 62. Kd6 Bb3 63. e6 Kc2 64.
Ke7 Kd3 65. Kf7 Bxe6+ 66. Kxg6 Ke4 67. Kxg7 Kf3 68. Kf6 Bg4 69. Kg5 Kxg3 1/2-1/2

[Event "Early-Titled-Tuesday-Blitz-October-24-2023"]
[Site "Chess.com"]
[Date "2023.10.24"]
[Round "1"]
[White "GAZZAN_3000"]
[Black "Shivananda1964"]
[Result "1-0"]
[WhiteElo "2718"]
[BlackElo "2393"]
[TimeControl "180+1"]
[EndTime "8:09:10 PDT"]
[Termination "GAZZAN_3000 won on time"]

1. d4 Nf6 2. Nf3 b5 3. e4 Nxe4 4. Bxb5 Bb7 5. O-O e6 6. Re1 c5 7. d5 Bxd5 8. c4 Bb7 9. Ne5 Be7 10. Ba4 Qc7 11. Bf4 Bd6 12. Nc3 Bxe5 13. Nb5 Bxf4 14.
Nxc7+ Bxc7 15. Qf3 Nd6 16. Qg3 O-O 17. Rad1 Ne8 18.
Qb3 Bc6 19. Bxc6 Nxc6 20. Rxd7 Be5 21. Qb7 Nf6 22. Qxc6 Nxd7 23. Qxd7 Bxb2 24. Rb1 Bd4 25. g3 a5 26. Rb7 g6 27. Kg2 Rab8 28. Ra7 Rb2 29. Rxa5 Rxf2+ 30. Kh3 h5 31. Qe7 Rb8 32. Rb5 Ra8 33. g4 Rf3+ 34. Kg2 hxg4 35. a4 Rxa4 36. Qe8+ Kg7 37. Rb2 Bxb2 38. Qxa4 Bd4 39. Qc6 Rc3 40.
Qe4 Rxc4 41. Qxg4 Rc3 42. Kh1 Re3 43. Qd1 Rb3 44. Qxb3 e5 45. Qc4 f5 46. Kg2 e4 47.
h3 Kf6 48. Qd5 Kg5 49. Qc6 Kf4 50. Qd7 c4 51. Qd6+ Ke3 52. Qxg6 c3 53. Qc6 Kd3 54. Qb5+ Kd2 55. Qb4 Be3 56. h4 Kd3 57. Qb3 Kd2 58. Qd5+ Ke2 59. Qc4+ Kd2 60. Qd5+ Ke2 61. Qb3 Kd2 62.
Qa2+ c2 63. h5 Kd1 64. Qb3 Kd2 65. Qb4+ Kd1 66. Qd6+ Ke2 67. Qa6+ Ke1 68. Qa5+ Bd2 69. Qxf5 c1=Q 70. Qxe4+ Be3 71. Qf3 Qd2+ 72. Kh3 Qf2 73.
Qh1+ Ke2 74. Qe4 Qf3+ 75. Qxf3+ Kxf3 76. Kh4 Kf4 77. h6 Kf5 78. Kh5 Bd4 79. h7 Kf6 80. h8=Q+ 1-0

[Event "Early-Titled-Tuesday-Blitz-October-24-2023"]
[Site "Chess.com"]
[Date "2023.10.24"]
[Round "1"]
[White "PositionalPanther"]
[Black "RamyresCoelho"]
[Result "1-0"]
[WhiteElo "2602"]
[BlackElo "2276"]
[TimeControl "180+1"]
[EndTime "8:09:21 PDT"]
[Termination "PositionalPanther won by checkmate"]

1. Nf3 Nf6 2. g3 g6 3. Bg2 Bg7 4. O-O O-O 5. d4 d6 6. b3 c6 7.
Bb2 Qc7 8. Nbd2 Nbd7 9. e4 e5 10. dxe5 Nxe5 11. Nxe5 dxe5 12. Qe2 Bg4 13. Qe3 Rfd8 14.
h3 Be6 15. Rfd1 h5 16. Bf1 Kh7 17. Bc4 Bh6 18. Qe2 Bxd2 19. Bxe6 fxe6 20. Rxd2 Rxd2 21.
Qxd2 Nxe4 22. Qe3 Nf6 23. Qxe5 Qxe5 24. Bxe5 Nd7 25. Bb2 Rf8 26. Rd1 Rf7 27. Kg2 Kg8 28. Rd6 Re7 29. Ba3 Kf7 30. c4 c5 31. Bb2 b6 32. g4 hxg4 33. hxg4 Nf6 34. f3 Rd7 35.
Rxd7+ Nxd7 36. f4 e5 37. Kf3 exf4 38. Kxf4 a6 39. a4 Ke6 40. Kg5 Kf7 41. Bc3 Nf8 42.
Kf4 Ke6 43. Bg7 Nd7 44. Kg5 Kf7 45. Kh6 Nf6 46. g5 Ne4 47. Be5 Nd2 48. Bc7 Nxb3 49. Bxb6 Nd2 50. Bxc5 Nxc4 51. Bd4 Nd6 52. Kh7 Nf5 53.
Bc5 Nh4 54. Bb6 Nf3 55. Be3 a5 56. Bf4 Nh4 57. Bc7 Nf5 58. Bxa5 Nd4 59. Bd2 Nc6 60. a5 Nd8 61. a6 Ne6 62. Be3 Nf8+ 63. Kh6 Ne6 64.
a7 Nc7 65. Bf4 Na8 66. Be5 Nb6 67. Bd4 Na8 68. Bc3 Nc7 69. Ba5 Na8 70. Kh7 Ke6 71.
Kxg6 Kd7 72. Kh7 Kc6 73. g6 Kb5 74. Bd2 Ka6 75. g7 Kxa7 76. g8=Q Kb7 77. Qb3+ Kc8 78. Bf4 Kd7 79. Qf7+ Kc6 80. Qa7 Nb6 81. Qa6 Kc5 82. Be3+ Kb4 83. Bxb6 Kb3 84. Qa5 Kc4 85. Qc5+ Kb3 86. Qd4 Ka2 87. Qc3 Kb1 88. Qd2 Ka1 89. Bd4+ Kb1 90. Qb2# 1-0

[Event "Early-Titled-Tuesday-Blitz-October-24-2023"]
[Site "Chess.com"]
[Date "2023.10.24"]
[Round "1"]
[White "Logman74"]
[Black "klimkoj"]
[Result "1-0"]
[WhiteElo "2436"]
[BlackElo "2741"]
[TimeControl "180+1"]
[EndTime "8:09:25 PDT"]
[Termination "Logman74 won on time"]

1. e4 c5 2. Nf3 d6 3. d4 cxd4 4. Nxd4 Nf6 5. Nc3 a6 6. Be2 e5 7.
Nb3 Be7 8. Bg5 Be6 9. Qd3 Nbd7 10. O-O-O Rc8 11. Kb1 b5 12. h4 Qc7 13. Nd5 Bxd5 14.
exd5 Nb6 15. Bxf6 Bxf6 16. Na5 O-O 17. Nc6 e4 18. Qxe4 Rfe8 19. Qf3 Nxd5 20. Rxd5 Qxc6 21. Bd3 Re5 22. Rxe5 Qxf3 23. gxf3 Bxe5 24. h5 h6 25. c3 Kf8 26. Kc2 b4 27. c4 a5 28. b3 Bd4 29.
Rf1 Rc5 30. Rh1 Rg5 31. Be4 Rg2 32. Rf1 Rh2 33. Kd3 Bc5 34. Bd5 Rxh5 35. Re1 Bxf2 36.
Re4 Re5 37. Rxe5 dxe5 38. Ke4 Bd4 39. f4 f6 40. f5 Ke7 41. Kf3 Kd6 42. Bf7 Bb6 43.
Ke4 Kc5 44. Bh5 Bc7 45. Bg6 Kd6 46. Bh5 Bb6 47. Bg6 Bg1 48. Bh5 Kc5 49. Bg6 a4 50. Bh5 Bf2 51. Bg6 Bd4 52. Bh5 axb3 53. axb3 Kd6 54.
Bg6 Ke7 55. Bh5 Kf8 56. Bg6 Bg1 57. Kf3 Ba7 58. Ke4 Ke7 59. Kd5 Kd7 60. Bh5 Bb8 61. Bg6 Ke7 62. Bh5 g5 63. fxg6 Kf8 64. Ke6 Kg7 65. Kf5 Ba7 66. Bf3 Bc5 67. Bh5 Be7 68.
Ke4 Bf8 69. Kf5 Bd6 70. Bf3 Bc5 71. Be2 e4 72. Kxe4 Kxg6 73. Kd5 Bf2 74. c5 Bg3 75. Ke6 h5 76. Bd3+ Kg5 77. Bf5 h4 78. c6 Be5 79.
Bh3 Kf4 80. Kd7 1-0

[Event "Early-Titled-Tuesday-Blitz-October-24-2023"]
[Site "Chess.com"]
[Date "2023.10.24"]
[Round "2"]
[White "chess_blitz00"]
[Black "cristiano78"]
[Result "1-0"]
[WhiteElo "2496"]
[BlackElo "2245"]
[TimeControl "180+1"]
[EndTime "8:11:08 PDT"]
[Termination "chess_blitz00 won by resignation"]

1. Nf3 Nf6 2. b3 g6 3. g3 Bg7 4.
Bb2 O-O 5. Bg2 c5 6. O-O Nc6 7. e3 d5 8. d4 b6 9. Nbd2 Ba6 10. Re1 Qc7 11. Rc1 Rad8 12. c4 dxc4 13. Nxc4 cxd4 14. Nce5 Bb7 15. Nxc6 Bxc6 16. Nxd4 Rxd4 17. Bxd4 1-0

[Event "Early-Titled-Tuesday-Blitz-October-24-2023"]
[Site "Chess.com"]
[Date "2023.10.24"]
[Round "2"]
[White "Masterbeaterr"]
[Black "ozates"]
[Result "0-1"]
[WhiteElo "2441"]
[BlackElo "2726"]
[TimeControl "180+1"]
[EndTime "8:11:10 PDT"]
[Termination "ozates won by resignation"]

1. d4 Nf6 2. c4 e6 3. Nc3 d5 4. cxd5 Nxd5 5. e4 Nxc3 6. bxc3 c5 7. Bc4 cxd4 8. cxd4 Bb4+ 9. Bd2 Qxd4 10. Bxb4 Qxc4 11.
Qd6 Nc6 12. Ba3 Qc3+ 0-1

[Event "Early-Titled-Tuesday-Blitz-October-24-2023"]
[Site "Chess.com"]
[Date "2023.10.24"]
[Round "2"]
[White "tetrix83"]
[Black "SlippperyWhenWet"]
[Result "1-0"]
[WhiteElo "2626"]
[BlackElo "2346"]
[TimeControl "180+1"]
[EndTime "8:11:20 PDT"]
[Termination "tetrix83 won by resignation"]

1. e4 e6 2. d4 d5 3. Nc3 dxe4 4. Nxe4 Nf6 5. Nxf6+ gxf6 6. Nf3 b6 7. g3 Bb7 8. Bg2 Nd7 9. O-O Be7 10. Re1 c5 11. c4 cxd4 12. Nxd4 Bxg2 13. Nxe6 fxe6 14. Qh5+ Kf8 15.
Bh6+ Kg8 16. Qg4+ Kf7 17. Qg7+ Ke8 18. Qxh8+ 1-0